Map: Frozen Temple

Players

Eery - Winner!

  • Race: Terran Terran
  • League: Master

Miszu

  • Race: Terran Terran
  • League: Master

VOD

Have the link to the VOD?

Description

Time

  • Played on: July 4, 2016, 6:04 p.m.
  • Length: 8:58
Show
View Real Time Build Order
Export as new Build Order

Eery Terran - Winner!

Build Orders: 1/1/1, Liberator Opening 

Get SALT Encoding   

  12  0:01  SCV  
  13  0:13  SCV  
  14  0:18  Supply Depot  
  14  0:25  SCV  
  15  0:31  Refinery  
  15  0:39  SCV  
  16  0:44  Barracks  
  16  0:51  SCV  
  17  1:04  SCV  
  18  1:05  Refinery  
  18  1:16  SCV  
  19  1:34  Orbital Command  
  19  1:35  Reaper  
  20  1:40  Factory  
  20  1:47  Supply Depot  
  20  2:01  SCV  
  21  2:07  Reaper  
  21  2:13  SCV  
  22  2:24  Starport, Hellion  
  24  2:36  SCV  
  25  2:39  Reaper  
  26  2:46  Hellion  
  26  2:47  Supply Depot  
  26  2:48  SCV  
  26  2:51  Liberator  
  29  3:00  SCV  
  30  3:09  Hellion  
  30  3:11  Supply Depot  
  35  3:13  SCV  
  35  3:16  Barracks Reactor  
  36  3:25  SCV  
  37  3:34  Supply Depot  
  37  3:36  Factory Tech Lab  
  37  3:37  SCV  
  37  3:51  Medivac  
  37  3:53  SCV  
  40  3:56  Command Center  
  40  4:06  Marine, Siege Tank  
  40  4:08  Marine  
  45  4:12  SCV  
  46  4:18  Supply Depot  
  46  4:24  Marine  
  46  4:26  Marine  
  46  4:27  Medivac  
  50  4:39  Siege Tank  
  50  4:42  Marine  
  50  4:44  Marine  
  52  4:57  SCV  
  53  5:00  Marine  
  53  5:03  Medivac  
  56  5:09  Barracks, SCV  
  56  5:11  Siege Tank  
  57  5:15  Marine  
  55  5:32  Orbital Command  
  55  5:36  Marine x2  
  55  5:48  SCV  
  55  5:53  Siege Tank  
  55  5:54  Marine  
  59  5:57  Refinery  
  59  6:01  Barracks Tech Lab, SCV  
  59  6:02  SCV  
  61  6:04  Marine  
  61  6:06  Starport Reactor  
  61  6:08  Supply Depot  
  61  6:10  Engineering Bay  
  60  6:12  Marine  
  60  6:13  SCV  
  60  6:14  SCV  
  63  6:20  Marine  
  63  6:22  Marine  
  63  6:25  SCV  
  66  6:26  SCV  
  66  6:28  Siege Tank  
  67  6:34  Marine  
  68  6:42  Marine  
  68  6:45  Marine  
  68  6:46  Orbital Command  
  63  6:52  Marine  
  63  6:53  Medivac  
  65  7:05  Marine  
  54  7:30  Orbital Command  
  54  7:35  Siege Tank  
  54  7:36  SCV  
  56  7:37  Marine  
  56  7:38  Marine  
  58  7:50  SCV  
  60  7:52  Barracks Tech Lab  
  60  7:55  Refinery, Marine x2  
  61  8:04  SCV x2  
  63  8:13  Marine x2  
  63  8:16  SCV x2  
  67  8:23  Siege Tank  
  67  8:24  Marine  
  71  8:28  SCV x2  
  73  8:40  SCV  
Show
View Real Time Build Order
Export as new Build Order

Miszu Terran 

Build Orders:  

Get SALT Encoding   

  12  0:00  SCV  
  13  0:12  SCV  
  14  0:17  Supply Depot  
  14  0:25  SCV  
  15  0:39  SCV  
  15  0:40  Barracks  
  16  0:43  Refinery  
  16  0:51  SCV  
  17  1:03  SCV  
  18  1:05  Barracks  
  18  1:15  SCV  
  19  1:27  Orbital Command  
  19  1:28  Reaper  
  19  1:31  Supply Depot  
  20  1:52  SCV  
  20  1:54  Reaper  
  22  2:04  Reaper  
  23  2:09  SCV  
  23  2:10  Command Center  
  23  2:15  Refinery  
  24  2:21  SCV  
  25  2:26  Reaper  
  26  2:38  SCV  
  26  2:40  Reaper  
  28  2:56  SCV  
  29  3:00  Barracks  
  29  3:02  Factory  
  29  3:11  SCV  
  29  3:12  Bunker  
  30  3:19  Barracks Tech Lab  
  30  3:24  Barracks Reactor  
  30  3:26  SCV, Orbital Command  
  30  3:44  Marine  
  30  3:47  Starport  
  31  3:48  Marine  
  31  3:50  Engineering Bay, SCV  
  31  3:53  SCV  
  34  3:59  Marine, Factory Reactor  
  34  4:00  Marine  
  34  4:02  Marine, SCV  
  38  4:05  SCV  
  38  4:06  Marine  
  38  4:07  Supply Depot  
  40  4:13  Stimpack  
  40  4:17  Marine x2  
  40  4:20  Marine  
  40  4:22  SCV x2  
  45  4:24  Marine  
  44  4:35  Marine x2  
  44  4:38  Marine  
  45  4:42  Marine  
  42  4:53  Marine  
  42  4:57  Factory Tech Lab  
  44  5:00  Marine x2  
  44  5:01  Marine  
  44  5:04  Medivac  
  47  5:11  Marine  
  48  5:15  Medivac  
  48  5:16  SCV x2  
  48  5:18  Marine x2  
  54  5:27  Marine  
  54  5:41  SCV  
  54  5:43  Marine  
  54  5:44  Marine  
  54  5:50  Refinery  
  54  5:55  Supply Depot  
  54  5:58  Supply Depot  
  54  6:01  Terran Infantry Weapons Level 1  
  54  6:02  Marine x2  
  54  6:03  Siege Tank, SCV x2  
  61  6:07  Barracks Reactor  
  61  6:13  Marine  
  61  6:16  Medivac, SCV x2  
  61  6:17  Supply Depot  
  66  6:20  Supply Depot  
  66  6:28  Marine, SCV x2  
  66  6:29  Marine  
  64  6:41  Siege Tank, SCV x2  
  58  6:51  Marine  
  58  6:52  Marine  
  58  6:53  SCV  
  60  7:09  Marine  
  60  7:10  Marine  
  59  7:27  Marine  
  59  7:28  Marine  
  43  7:38  SCV x2  
  43  7:39  Barracks  
  43  7:40  Barracks x2  
  43  7:42  Factory Tech Lab  
  43  7:43  Refinery  
  45  7:45  Marine x2  
  45  7:46  Refinery  
  45  7:47  Starport  
  45  7:50  SCV x2  
  49  8:02  SCV x2  
  49  8:03  Marine x2  
  53  8:06  Siege Tank  
  56  8:14  SCV x2  
  58  8:20  Marine  
  58  8:21  Marine  
  58  8:24  Medivac  
  58  8:26  SCV x2  
  64  8:30  Marine  
  63  8:37  Marine  
  63  8:38  Marine, SCV x2  
  63  8:39  Marine  
Tags
 
Add a new tag
Caveats
  • Supply blocks, unpowered buildings, or Contaminate may cause inaccurate times.
  • Supply counts are checked every 10 seconds.